 Dungeon Crawl Stone Soup version 0.17-a0-1141-g3e25b61 (webtiles) character file.

107 Hanyuu the Insei (level 4, 0/28 HPs)
             Began as an Octopode Transmuter on May 26, 2015.
             Slain by Purgy (5 damage)
             ... on level 3 of the Dungeon.
             The game lasted 00:05:43 (2697 turns).

Hanyuu the Insei (Octopode Transmuter)              Turns: 2697, Time: 00:05:43

Health: 0/28       AC:  2    Str:  9    XL:     4   Next: 86%
Magic:  5/7        EV: 19    Int: 16    God:
Gold:   71         SH:  0    Dex: 17    Spells: 3 memorised, 1 level left

rFire  . . .     SeeInvis .       - Unarmed
rCold  . . .     Clarity  .     (shield currently unavailable)
rNeg   + . .     SustAt   .     (helmet currently unavailable)
rPois  x         Gourm    .     (no amulet)
rElec  .         Spirit   .     p - ring of positive energy
rCorr  .         Warding  .     (no ring)
rMut   .         Stasis   .     (no ring)
MR     .....                    (no ring)
Stlth  ++........               (no ring)
                                (no ring)
                                (no ring)
                                (no ring)

@: spider-form (expiring), not resistant to hostile enchantments, unstealthy
A: almost no armour, amphibious, 8 rings, (constrict 8), (camouflage 0),
(gelatinous body 0)
a: End Transformation


You were on level 3 of the Dungeon.
You were not hungry.
You were a venomous arachnid creature.
You visited 1 branch of the dungeon, and saw 3 of its levels.

You collected 71 gold pieces.

Inventory:

Missiles
 a - 12 arrows
 q - 19 arrows of flame
Jewellery
 p - a ring of positive energy (left front leg)
Magical devices
 n - a wand of teleportation (3)
Scrolls
 d - 2 scrolls of remove curse {unknown}
 e - a scroll of identify {unknown}
 g - 3 scrolls of recharging {unknown}
 h - 2 scrolls of random uselessness {unknown}
 i - 4 scrolls of teleportation {unknown}
 j - a scroll of immolation {unknown}
 k - 2 scrolls of fear {unknown}
 m - a scroll of blinking {unknown}
Potions
 f - a potion of poison {unknown}
 r - 3 potions of curing {unknown}
Books
 b - a book of Changes

   Spells                             Type                      Level
   a - Beastly Appendage              Transmutation                1
   b - Sticks to Snakes               Transmutation                2
   c - Spider Form                    Transmutation/Poison         3
   d - Ice Form                       Ice/Transmutation            4
   e - Blade Hands                    Transmutation                5
Comestibles
 c - 2 bread rations
 l - a meat ration
 o - 6 chunks of flesh


   Skills:
 - Level 1.0 Fighting
 - Level 2.0 Dodging
 + Level 5.0 Unarmed Combat
 - Level 2.0 Spellcasting
 + Level 2.6 Transmutations


You had one spell level left.
You knew the following spells:

 Your Spells              Type           Power        Failure   Level  Hunger
a - Beastly Appendage     Trmt           ##....       24%         1    #......
b - Sticks to Snakes      Trmt           ##........   28%         2    ###....
c - Spider Form           Trmt/Pois      #.........   61%         3    ###....


Dungeon Overview and Level Annotations

Branches:
Dungeon (3/15)

Altars:
Dithmenos
Ru
Zin

Annotations:
D:3 Purgy


Innate Abilities, Weirdness & Mutations

You cannot wear most types of armour.
You are amphibious.
You can wear up to eight rings at the same time.
((You can use your tentacles to constrict eight enemies at once.))
((Your skin changes colour to match your surroundings (Stealth).))
((Your rubbery body absorbs attacks (AC +1).))


Message History

Purgy is moderately wounded.
Purgy barely misses you. x2
Purgy misses you.
You bite Purgy!
Purgy is heavily wounded.
Purgy bites you. Purgy barely misses you. Purgy barely misses you.
You hit Purgy but do no damage.
Purgy is heavily wounded.
Purgy completely misses you. Purgy barely misses you.
Purgy completely misses you.
You closely miss Purgy.
Purgy is heavily wounded.
Purgy bites you!
* * * LOW HITPOINT WARNING * * *
Purgy completely misses you. Purgy claws you.
* * * LOW HITPOINT WARNING * * *
You bite Purgy!
Purgy is almost dead.
Purgy bites you.
You die...

#.###.#.....# #.##### #..
#...#.####.## #.....# #.. ###.#.#
#.# #.###.# #.. # #.#.# ##+# #.#
#.# #.. ###.#.###...# #.###.# #..
......##..!..# #.....# #..
.##>###.......## ##.#.### #..
..#.##.........####....#########.
...............Ts................
........S...>..####....#########.
.##.##........## ###.#.#### #.
....##.#.....# ##........# ##
.#####.##...# ##...##.##.# .#
#.###+# #.#.#.#.##.# .#####.# #.#
#.#.....##.# .......###.##
#.#.#.####.# ####........#
##.........#


You could see Purgy.

Vanquished Creatures
  5 adders
  An ooze (D:1)
  2 worms (D:2)
  7 bats
  A giant cockroach (D:1)
  8 goblins
  6 hobgoblins
  4 jackals (D:3)
  2 giant newts (D:1)
  10 kobolds
  6 rats
52 creatures vanquished.

Notes
Turn   | Place    | Note
--------------------------------------------------------------
     0 | D:1      | Hanyuu the Octopode Transmuter began the quest for the Orb.
     0 | D:1      | Reached XP level 1. HP: 13/13 MP: 3/3
   326 | D:1      | Reached XP level 2. HP: 12/18 MP: 5/5
   840 | D:1      | Reached skill level 4 in Unarmed Combat
   870 | D:1      | Reached XP level 3. HP: 12/23 MP: 4/6
   874 | D:1      | Learned a level 2 spell: Sticks to Snakes
   878 | D:1      | Learned a level 3 spell: Spider Form
  1325 | D:2      | Reached XP level 4. HP: 18/28 MP: 7/7
  2229 | D:2      | Found a sacrificial altar of Ru.
  2343 | D:2      | Found a shadowy altar of Dithmenos.
  2345 | D:2      | Found a glowing silver altar of Zin.
  2446 | D:3      | Reached skill level 5 in Unarmed Combat
  2681 | D:3      | Noticed Purgy
  2697 | D:3      | Slain by Purgy

Vault maps used:
D:1:      minmay_arrival_up_and_down
D:2:      nicolae_overflow_hidden_temple, nicolae_overflow_crystal_walls,
          minmay_misc_feat_nine_boxes
D:3:      minmay_three_crescents, uniq_purgy

Action                   |  1- 3 |  4- 6 || total
-------------------------+-------+-------++-------
Melee: Unarmed           |    77 |    63 ||   140
 Cast: Beastly Appendage |     1 |     3 ||     4
       Spider Form       |       |     3 ||     3
 Stab: Distracted        |     1 |       ||     1
       Sleeping          |       |     3 ||     3
  Eat: Chunk             |     1 |     5 ||     6
